 Dungeon Crawl Stone Soup version 0.22-a0-252-gcace5d2 (webtiles) character file.

44 tilp the Chiller (level 3, 0/24 HPs)
             Began as a Merfolk Ice Elementalist on Mar 2, 2018.
             Slain by Robin
             ... wielding a +0 spear
              (4 damage)
             ... on level 2 of the Dungeon.
             The game lasted 00:05:07 (1632 turns).

tilp the Chiller (Merfolk Ice Elementalist)         Turns: 1632, Time: 00:05:07

Health: 0/24       AC:  2    Str:  8    XL:     3   Next: 60%
Magic:  6/6        EV: 13    Int: 15    God:
Gold:   55         SH:  0    Dex: 14    Spells: 0/6 levels left

rFire    . . .     SeeInvis .   g - +0 dagger
rCold    . . .     Gourm    .   (no shield)
rNeg     . . .     Faith    .   a - +0 robe
rPois    .         Spirit   .   (no helmet)
rElec    .         Reflect  .   (no cloak)
rCorr    .         Harm     .   (no gloves)
MR       .....                  (no boots)
Stlth    ++........             (no amulet)
HPRegen  0.08/turn              (no ring)
MPRegen  0.10/turn              (no ring)

@: no status effects
A: change form in water, swift swim, stealthy swim
a: no special abilities


You were on level 2 of the Dungeon.
You were not hungry.

You visited 1 branch of the dungeon, and saw 2 of its levels.

You collected 55 gold pieces.

Inventory:

Hand Weapons
 g - a +0 dagger (weapon)
Missiles
 i - 26 stones (quivered)
 o - 33 sling bullets
Armour
 a - a +0 robe (worn)
Scrolls
 e - 2 scrolls of identify {unknown}
 f - a scroll of noise {unknown}
 j - a scroll of immolation {unknown}
 m - a scroll of enchant armour {unknown}
Potions
 b - 2 potions of flight {unknown}
 d - a potion of cancellation {unknown}
 h - a potion of magic {unknown}
 k - a potion of mutation {unknown}
 n - 2 potions of might {unknown}
Comestibles
 c - 2 rations


   Skills:
 - Level 2.6 Dodging
 - Level 2.1 Stealth
 - Level 2.0 Spellcasting
 - Level 0.7 Conjurations
 + Level 5.0 Ice Magic


You couldn't memorise any spells.
You knew the following spells:

 Your Spells              Type           Power        Failure   Level  Hunger
a - Freeze                Ice            ###.         2%          1    #......
b - Throw Frost           Conj/Ice       ##....       11%         2    ###....
c - Ozocubu's Armour      Chrm/Ice       #.......     24%         3    ###....


Dungeon Overview and Level Annotations

Branches:
Dungeon (2/15)

Altars:

Annotations:
D:2 Robin


Message History

This raw flesh tastes terrible.
Magic restored.
You start resting.
HP restored.
You climb downwards.
Level annotation: Robin The kobold completely misses you.
Robin roars a battlecry!
The goblins go into a battle-frenzy!
The goblin misses you. The kobold hits you.
A goblin comes into view. It is wielding a club.
The goblin shouts!
A goblin comes into view.
There is a stone staircase leading up here.
The goblin hits you with a dagger! The kobold hits you.
* * * LOW HITPOINT WARNING * * *
The goblin hits you with a club.
* * * LOW HITPOINT WARNING * * *
Robin hits you from afar with a spear.
You die...

... #. ....### ...#.
.....# ..#. ..#.# #
#...#####.#.## #.
####..#....#.#g.) #..
...#.#.......###
#...#####.#.........#
# #.................#
#
#..g@gg..g.g...######
#...K......).........
#####.....#..........
#))...#..........
#.....#..........
#.....#..........
#....[.#..#......
#......).........
#....#.##........


You could see Robin, 4 goblins and a kobold.

Vanquished Creatures
  2 dart slugs (D:1)
  A ball python (D:1)
  3 bats (D:1)
  2 giant cockroaches (D:2)
  7 goblins
  8 hobgoblins
  4 jackals (D:1)
  4 kobolds (D:1)
  2 rats (D:1)
33 creatures vanquished.

Notes
Turn   | Place    | Note
-------+----------+-------------------------------------------
     0 | D:1      | tilp the Merfolk Ice Elementalist began the quest for the Orb.
     0 | D:1      | Reached XP level 1. HP: 13/13 MP: 3/3
   317 | D:1      | Reached XP level 2. HP: 12/19 MP: 0/5
   324 | D:1      | Learned a level 2 spell: Throw Frost
   490 | D:1      | Reached skill level 4 in Ice Magic
   814 | D:1      | Reached XP level 3. HP: 24/24 MP: 4/6
   822 | D:1      | Learned a level 3 spell: Ozocubu's Armour
  1392 | D:2      | Noticed Robin
  1417 | D:1      | Reached skill level 5 in Ice Magic
  1632 | D:2      | Slain by Robin

Vault maps used:
D:1:      evilmike_arrival_hilbert_curve
D:2:      lemuel_round_altar, uniq_robin

Skill      XL: |  1  2  3 |
---------------+----------+-----
Ice Magic      | 4 5 |  5.0
Dodging        | |  2.6
Stealth        | |  2.1
Spellcasting   | |  2.0
Conjurations   | |  0.7

Action                   || total
-------------------------++-------
Melee: Dagger            ||    39
 Cast: Freeze            ||    49
       Ozocubu's Armour  ||     1
 Stab: Sleeping          ||     1
  Eat: Chunk             ||     3
Armor: Robe              ||     9
Dodge: Dodged            ||    64

Table legend:
 A = Spawn XP
 B = Non-spawn XP
 C = Spawn XP percentage of total XP
 D = Spawn monster count
 E = Non-spawn monster count
 F = Spawn count percentage of total count
 G = Total turns spent on level
                    A         B        C        D         E        F      G
               +---------+---------+-------+---------+---------+-------+---------
         Total |       0 |      63 |   0.0 |       0 |      33 |   0.0 |  1632
               +---------+---------+-------+---------+---------+-------+---------
           D:1 |       0 |      51 |   0.0 |       0 |      27 |   0.0 |  1479
           D:2 |       0 |      12 |   0.0 |       0 |       6 |   0.0 |   153
               +---------+---------+-------+---------+---------+-------+---------
